| TOP OF THE 1ST |
|
Arkansas Travelers batting - Pitching for Corpus Christi Hooks : RHP Muckle Wildriver
|
|
Pitching: RHP Muckle Wildriver
|
|
|
Batting: RHB Jose Ramirez
|
0-0: Ball 1-0: SINGLE (Groundball, 23, EV 74.4 MPH) (infield hit)
|
|
Batting: LHB Griffin Ferris
|
0-0: Called Strike 0-1: Called Strike 0-2: Ball 1-2: SINGLE (Groundball, 34, EV 100.6 MPH) Jose Ramirez to second Runner from 2nd tries for 3rd, SAFE, throw by RF made at trailing runner, OUT! 9-6
|
|
Batting: RHB Juan Montez
|
0-0: Foul Ball, location: 2F 0-1: Swinging Strike 0-2: Foul Ball, location: 2F 0-2: DOUBLE (Flyball, 78XD, EV 103.1 MPH) Jose Ramirez scores
|
|
Batting: LHB Mark Reeg
|
0-0: Ground out 4-3 (Groundball, 4, EV 87.5 MPH) Juan Montez to third
|
|
Batting: RHB Ryuji Ito
|
0-0: Ball 1-0: Swinging Strike 1-1: Foul Ball, location: 2F 1-2: Foul Ball, location: 2F 1-2: Ground out U3 (Groundball, 34, EV 101.9 MPH)
|
| Top of the 1st over - 1 run, 3 hits, 0 errors, 1 left on base; Arkansas 1 - Corpus Christi 0 |
| BOTTOM OF THE 1ST |
|
Corpus Christi Hooks batting - Pitching for Arkansas Travelers : RHP John Palumbo
|
|
Pitching: RHP John Palumbo
|
|
|
Batting: LHB Josh Corkery
|
0-0: Called Strike 0-1: Ball 1-1: Called Strike 1-2: Strikes out swinging
|
|
Batting: LHB John Wagner
|
0-0: Ball 1-0: TRIPLE (Flyball, 8LXD, EV 91.2 MPH)
|
|
Batting: LHB Bob Dietz
|
0-0: Called Strike 0-1: Called Strike Balk! John Wagner scores 0-2: Ball 1-2: Foul Ball, location: 2F 1-2: Strikes out swinging
|
|
Batting: RHB Ramon Castellon
|
0-0: Called Strike 0-1: Foul Ball, location: 2F 0-2: DOUBLE (Flyball, 89D, EV 87.5 MPH)
|
|
Batting: LHB Mark Dearth
|
0-0: Ball 1-0: SINGLE (Groundball, 3D, EV 95.0 MPH) Ramon Castellon to third Runner from 3rd tries for Home, SAFE, throw by RF to home
|
|
Batting: LHB Josh Birkner
|
0-0: Swinging Strike 0-1: Foul Ball, location: 2F 0-2: SINGLE (Line Drive, 56D, EV 98.8 MPH) Mark Dearth to second
|
|
Batting: RHB Sam Spohn
|
0-0: Fly out, F9 (Flyball, 9S, EV 81.2 MPH)
|
| Bottom of the 1st over - 2 runs, 4 hits, 0 errors, 2 left on base; Arkansas 1 - Corpus Christi 2 |
| TOP OF THE 2ND |
|
Arkansas Travelers batting - Pitching for Corpus Christi Hooks : RHP Muckle Wildriver
|
|
Batting: LHB Justin Balthazor
|
0-0: Ball 1-0: Ball 2-0: Ball 3-0: Swinging Strike 3-1: Ground out 5-3 (Groundball, 5S, EV 80.0 MPH)
|
|
Batting: RHB Danny Bjarnson
|
0-0: Ball 1-0: Ball 2-0: Ball 3-0: Base on Balls
|
|
Batting: LHB Barrfhionn O'Toole
|
0-0: Ball 1-0: Foul Ball, location: 2F 1-1: Swinging Strike 1-2: Fielders Choice at 2nd, 4-6 (Groundball, 4M, EV 94.4 MPH)
|
|
Batting: LHB Larry Prey
|
0-0: Called Strike 0-1: Ball 1-1: Called Strike Barrfhionn O'Toole is caught stealing 2nd base 2-6
|
| Top of the 2nd over - 0 runs, 0 hits, 0 errors, 0 left on base; Arkansas 1 - Corpus Christi 2 |
| BOTTOM OF THE 2ND |
|
Corpus Christi Hooks batting - Pitching for Arkansas Travelers : RHP John Palumbo
|
|
Batting: RHB Ben Minge
|
0-0: Fly out, F8 (Flyball, 8LS, EV 86.9 MPH)
|
|
Batting: RHB Reginald McDougall
|
0-0: Ground out 6-3 (Groundball, 6M, EV 108.1 MPH)
|
|
Batting: LHB Josh Corkery
|
0-0: Foul Ball, location: 2F 0-1: Ball 1-1: Called Strike 1-2: Foul Ball, location: 2F 1-2: Foul Ball, location: 2F 1-2: Ball 2-2: Foul Ball, location: 2F 2-2: Foul Ball, location: 2F 2-2: Foul Ball, location: 2F 2-2: Strikes out swinging
|
| Bottom of the 2nd over - 0 runs, 0 hits, 0 errors, 0 left on base; Arkansas 1 - Corpus Christi 2 |
| TOP OF THE 3RD |
|
Arkansas Travelers batting - Pitching for Corpus Christi Hooks : RHP Muckle Wildriver
|
|
Batting: LHB Larry Prey
|
0-0: Foul Ball, location: 2F 0-1: Foul Ball, location: 2F 0-2: Strikes out swinging
|
|
Batting: RHB Jose Ramirez
|
0-0: Called Strike 0-1: Ball 1-1: Foul Ball, location: 2F 1-2: Ball 2-2: Ground out 3-1 (Groundball, 34S, EV 83.1 MPH)
|
|
Batting: LHB Griffin Ferris
|
0-0: Swinging Strike 0-1: Ball 1-1: Ground out 4-3 (Groundball, 4, EV 88.8 MPH)
|
| Top of the 3rd over - 0 runs, 0 hits, 0 errors, 0 left on base; Arkansas 1 - Corpus Christi 2 |
| BOTTOM OF THE 3RD |
|
Corpus Christi Hooks batting - Pitching for Arkansas Travelers : RHP John Palumbo
|
|
Batting: LHB John Wagner
|
0-0: Ball 1-0: Foul Ball, location: 2F 1-1: Ball 2-1: Ball 3-1: Swinging Strike 3-2: Base on Balls
|
|
Batting: LHB Bob Dietz
|
0-0: Called Strike 0-1: Ball 1-1: Ball 2-1: Foul Ball, location: 2F 2-2: Ball 3-2: Foul Ball, location: 2F 3-2: Strikes out swinging John Wagner is caught stealing 2nd base 2-6 Batter strikes out.
|
|
Batting: RHB Ramon Castellon
|
0-0: Foul Ball, location: 2F 0-1: Ball 1-1: Ball 2-1: Ball 3-1: Fly out, F9 (Flyball, 9S, EV 83.8 MPH)
|
| Bottom of the 3rd over - 0 runs, 0 hits, 0 errors, 0 left on base; Arkansas 1 - Corpus Christi 2 |
| TOP OF THE 4TH |
|
Arkansas Travelers batting - Pitching for Corpus Christi Hooks : RHP Muckle Wildriver
|
|
Batting: RHB Juan Montez
|
0-0: Called Strike 0-1: Swinging Strike 0-2: Foul Ball, location: 2F 0-2: Ball 1-2: Fly out, F9 (Flyball, 9, EV 91.2 MPH)
|
|
Batting: LHB Mark Reeg
|
0-0: Foul Ball, location: 2F 0-1: Ball 1-1: Called Strike 1-2: Foul Ball, location: 2F 1-2: Foul Ball, location: 2F 1-2: Ground out U3 (Groundball, 34S, EV 82.5 MPH)
|
|
Batting: RHB Ryuji Ito
|
0-0: Called Strike 0-1: Ground out 4-3 (Groundball, 4, EV 94.4 MPH)
|
| Top of the 4th over - 0 runs, 0 hits, 0 errors, 0 left on base; Arkansas 1 - Corpus Christi 2 |
| BOTTOM OF THE 4TH |
|
Corpus Christi Hooks batting - Pitching for Arkansas Travelers : RHP John Palumbo
|
|
Batting: LHB Mark Dearth
|
0-0: Called Strike 0-1: Ball 1-1: Ground out 6-3 (Groundball, 56, EV 96.9 MPH)
|
|
Batting: LHB Josh Birkner
|
0-0: Ball 1-0: Ground out 4-3 (Groundball, 34, EV 93.8 MPH)
|
|
Batting: RHB Sam Spohn
|
0-0: Foul Ball, location: 2F 0-1: Ball 1-1: Ball 2-1: Foul Ball, location: 2F 2-2: Strikes out swinging
|
| Bottom of the 4th over - 0 runs, 0 hits, 0 errors, 0 left on base; Arkansas 1 - Corpus Christi 2 |
| TOP OF THE 5TH |
|
Arkansas Travelers batting - Pitching for Corpus Christi Hooks : RHP Muckle Wildriver
|
|
Batting: LHB Justin Balthazor
|
0-0: Ball 1-0: Called Strike 1-1: Ball 2-1: Foul Ball, location: 2F 2-2: Strikes out swinging
|
|
Batting: RHB Danny Bjarnson
|
0-0: DOUBLE (Line Drive, 7LM, EV 100.6 MPH)
|
|
Batting: LHB Barrfhionn O'Toole
|
0-0: Ball 1-0: Called Strike 1-1: Ball 2-1: Swinging Strike 2-2: Ball 3-2: Base on Balls
|
|
Batting: LHB Larry Prey
|
0-0: Called Strike 0-1: Called Strike 0-2: Ball 1-2: Strikes out swinging
|
|
Batting: RHB Jose Ramirez
|
0-0: Ball 1-0: Ball 2-0: Called Strike 2-1: Ball 3-1: Base on Balls Danny Bjarnson to third Barrfhionn O'Toole to second
|
|
Batting: LHB Griffin Ferris
|
0-0: Called Strike 0-1: Swinging Strike 0-2: Foul Ball, location: 2F 0-2: Foul Ball, location: 2F 0-2: Ball 1-2: Ball 2-2: Ground out 4-3 (Groundball, 4, EV 103.8 MPH)
|
| Top of the 5th over - 0 runs, 1 hit, 0 errors, 3 left on base; Arkansas 1 - Corpus Christi 2 |
| BOTTOM OF THE 5TH |
|
Corpus Christi Hooks batting - Pitching for Arkansas Travelers : RHP John Palumbo
|
|
Batting: RHB Ben Minge
|
0-0: Ball 1-0: Called Strike 1-1: Called Strike 1-2: SINGLE (Line Drive, 89S, EV 110.6 MPH)
|
|
Batting: RHB Reginald McDougall
|
0-0: Ball 1-0: Swinging Strike 1-1: Grounds into double play, 4-6-3 (Groundball, 4, EV 88.1 MPH)
|
|
Batting: LHB Josh Corkery
|
0-0: Ball 1-0: Called Strike 1-1: Foul Ball, location: 2F 1-2: Ball 2-2: Ball 3-2: Foul Ball, location: 2F 3-2: Foul Ball, location: 2F 3-2: SINGLE (Line Drive, 56D, EV 102.5 MPH)
|
|
Batting: LHB John Wagner
|
0-0: Ball Josh Corkery is caught stealing 2nd base 2-6
|
| Bottom of the 5th over - 0 runs, 2 hits, 0 errors, 0 left on base; Arkansas 1 - Corpus Christi 2 |
| TOP OF THE 6TH |
|
Arkansas Travelers batting - Pitching for Corpus Christi Hooks : RHP Muckle Wildriver
|
|
Batting: RHB Juan Montez
|
0-0: Called Strike 0-1: Fly out, F8 (Line Drive, 8RD, EV 99.4 MPH)
|
|
Batting: LHB Mark Reeg
|
0-0: Ball 1-0: Called Strike 1-1: Swinging Strike 1-2: Foul Ball, location: 2F 1-2: Ball 2-2: Foul Ball, location: 2F 2-2: Ground out 4-3 (Groundball, 4, EV 105.0 MPH)
|
|
Batting: RHB Ryuji Ito
|
0-0: Ball 1-0: Fly out, F4 (Popup, 23, EV 89.4 MPH)
|
| Top of the 6th over - 0 runs, 0 hits, 0 errors, 0 left on base; Arkansas 1 - Corpus Christi 2 |
| BOTTOM OF THE 6TH |
|
Corpus Christi Hooks batting - Pitching for Arkansas Travelers : RHP John Palumbo
|
|
Batting: LHB John Wagner
|
0-0: Called Strike 0-1: Ball 1-1: Foul Ball, location: 2F 1-2: Foul Ball, location: 2F 1-2: Ball 2-2: Foul Ball, location: 2F 2-2: Ball 3-2: Foul Ball, location: 2F 3-2: Fly out, F7 (Flyball, 7, EV 83.8 MPH)
|
|
Batting: LHB Bob Dietz
|
0-0: Swinging Strike 0-1: Fly out, F9 (Flyball, 89M, EV 88.1 MPH)
|
|
Batting: RHB Ramon Castellon
|
0-0: Ball 1-0: Ball 2-0: Called Strike 2-1: Foul Ball, location: 2F 2-2: Foul Ball, location: 2F 2-2: Ball 3-2: Foul Ball, location: 2F 3-2: Ground out 5-3 (Groundball, 5L, EV 88.1 MPH)
|
| Bottom of the 6th over - 0 runs, 0 hits, 0 errors, 0 left on base; Arkansas 1 - Corpus Christi 2 |
| TOP OF THE 7TH |
|
Arkansas Travelers batting - Pitching for Corpus Christi Hooks : RHP Muckle Wildriver
|
|
Pitching: RHP Elroy Meulenkamp
|
|
|
Batting: LHB Justin Balthazor
|
0-0: Foul Ball, location: 2F 0-1: Ball 1-1: Ball 2-1: Foul Ball, location: 2F 2-2: Foul Ball, location: 2F 2-2: Ball 3-2: Fly out, F8 (Flyball, 78M, EV 94.4 MPH)
|
|
Batting: RHB Danny Bjarnson
|
0-0: Called Strike 0-1: Ground out 4-3 (Groundball, 4M, EV 86.2 MPH)
|
|
Batting: LHB Barrfhionn O'Toole
|
0-0: Ball 1-0: Foul Ball, location: 2F 1-1: Called Strike 1-2: Strikes out swinging
|
| Top of the 7th over - 0 runs, 0 hits, 0 errors, 0 left on base; Arkansas 1 - Corpus Christi 2 |
| BOTTOM OF THE 7TH |
|
Corpus Christi Hooks batting - Pitching for Arkansas Travelers : RHP John Palumbo
|
|
Batting: LHB Mark Dearth
|
0-0: Foul Ball, location: 2F 0-1: Ground out 4-3 (Groundball, 4, EV 101.9 MPH)
|
|
Batting: LHB Josh Birkner
|
0-0: Ball 1-0: Fly out, F7 (Flyball, 7, EV 86.2 MPH)
|
|
Batting: RHB Sam Spohn
|
0-0: Ball 1-0: Swinging Strike 1-1: Ball 2-1: Fly out, F8 (Flyball, 8RXD, EV 87.5 MPH)
|
| Bottom of the 7th over - 0 runs, 0 hits, 0 errors, 0 left on base; Arkansas 1 - Corpus Christi 2 |
| TOP OF THE 8TH |
|
Arkansas Travelers batting - Pitching for Corpus Christi Hooks : RHP Elroy Meulenkamp
|
|
Now at 2B: Nick Deegan
|
|
|
Now at 3B: Josh Corkery
|
|
|
Now at SS: Masaru Konno
|
|
|
Batting: LHB Larry Prey
|
0-0: Called Strike 0-1: Foul Ball, location: 2F 0-2: Ball 1-2: Foul Ball, location: 2F 1-2: Ball 2-2: Strikes out swinging
|
|
Batting: RHB Jose Ramirez
|
0-0: Ball 1-0: Called Strike 1-1: Called Strike 1-2: Ball 2-2: Ball 3-2: Strikes out swinging
|
|
Batting: LHB Griffin Ferris
|
0-0: Foul Ball, location: 2F 0-1: Ball 1-1: Foul Ball, location: 2F 1-2: Strikes out swinging
|
| Top of the 8th over - 0 runs, 0 hits, 0 errors, 0 left on base; Arkansas 1 - Corpus Christi 2 |
| BOTTOM OF THE 8TH |
|
Corpus Christi Hooks batting - Pitching for Arkansas Travelers : RHP John Palumbo
|
|
Pitching: RHP Chris DePalma
|
|
|
Batting: RHB Ben Minge
|
0-0: Ball 1-0: Ball 2-0: Ball 3-0: Called Strike 3-1: Base on Balls
|
|
Batting: RHB Reginald McDougall
|
0-0: Ball 1-0: Ball 2-0: Sac Bunt to 2L - play at first, batter OUT! 2-4 Ben Minge to second
|
|
Batting: LHB Josh Corkery
|
0-0: Ball 1-0: Called Strike 1-1: Foul Ball, location: 2F 1-2: Strikes out swinging
|
|
Batting: LHB John Wagner
|
0-0: Called Strike 0-1: Ball Wild Pitch! Ben Minge to third 1-1: Swinging Strike 1-2: Strikes out swinging
|
| Bottom of the 8th over - 0 runs, 0 hits, 0 errors, 1 left on base; Arkansas 1 - Corpus Christi 2 |
| TOP OF THE 9TH |
|
Arkansas Travelers batting - Pitching for Corpus Christi Hooks : RHP Elroy Meulenkamp
|
|
Pitching: RHP Josh Willig
|
|
|
Batting: RHB Juan Montez
|
0-0: Ball 1-0: Ball 2-0: Ball 3-0: Ground out 5-3 (Groundball, 56, EV 81.2 MPH)
|
|
Batting: LHB Mark Reeg
|
0-0: Ball 1-0: Called Strike 1-1: Ball 2-1: Ball 3-1: Fly out, F8 (Flyball, 8RD, EV 105.6 MPH)
|
|
Batting: RHB Ryuji Ito
|
0-0: Called Strike 0-1: Swinging Strike 0-2: Ball 1-2: Strikes out swinging, 2-3 out at first.
|
| Top of the 9th over - 0 runs, 0 hits, 0 errors, 0 left on base; Arkansas 1 - Corpus Christi 2 |
|